 Dungeon Crawl Stone Soup version 0.20.0-8-g6b59dc7 (webtiles) character file.

491 HeyBub the Basher (level 6, -3/56 HPs)
             Began as a Minotaur Fighter on June 1, 2017.
             Slain by an ogre
             ... wielding a +0 giant club
              (20 damage)
             ... on level 4 of the Dungeon.
             The game lasted 00:04:50 (2489 turns).

HeyBub the Basher (Minotaur Fighter)                Turns: 2489, Time: 00:04:50

Health: -3/56      AC:  7    Str: 23    XL:     6   Next: 91%
Magic:  5/5        EV:  7    Int:  5    God:
Gold:   54         SH:  9    Dex:  9    Spells: 5/5 levels left

rFire    . . .     SeeInvis .   l - +0 mace (curse)
rCold    . . .     Gourm    .   c - +0 shield
rNeg     . . .     Faith    .   b - +0 scale mail
rPois    .         Spirit   .   (helmet restricted)
rElec    .         Reflect  .   (no cloak)
rCorr    .         Harm     .   (no gloves)
MR       .....                  (no boots)
Stlth    +.........             (no amulet)
Regen    0.2/turn               u - ring of stealth (curse)
MPRegen  0.1/turn               (no ring)

@: no status effects
A: retaliatory headbutt, horns 2
a: no special abilities


You were on level 4 of the Dungeon.
You were hungry.

You visited 1 branch of the dungeon, and saw 4 of its levels.
You also visited: Sewer.

You collected 54 gold pieces.

Inventory:

Hand Weapons
 a - a +0 flail
 l - a cursed +0 mace (weapon)
Missiles
 k - a throwing net (quivered)
Armour
 b - a +0 scale mail (worn)
 c - a +0 shield (worn)
Jewellery
 u - a cursed ring of stealth (left hand)
Scrolls
 e - 2 scrolls of immolation {unknown}
 g - 4 scrolls of identify
 n - a scroll of enchant weapon {unknown}
 p - 2 scrolls of magic mapping {unknown}
 s - 2 scrolls of remove curse {unknown}
 v - 2 scrolls of blinking {unknown}
 x - a scroll of teleportation
 y - 3 scrolls of fear {unknown}
 C - a scroll of fog {unknown}
Potions
 d - a potion of might
 h - a potion of lignification
 i - a potion of curing
 j - 2 potions of haste {unknown}
 r - a potion of agility {unknown}
 t - a potion of cancellation {unknown}
 w - a potion of resistance {unknown}
 z - 3 potions of flight {unknown}
 A - a potion of brilliance {unknown}
 B - a potion of heal wounds {unknown}
Comestibles
 f - 3 bread rations
 m - a meat ration
 o - a royal jelly
 q - 4 fruits


   Skills:
 + Level 5.2 Fighting
 - Level 8.0 Maces & Flails
 - Level 3.8 Armour
 - Level 3.7 Shields


You had 5 spell levels left.
You didn't know any spells.

Dungeon Overview and Level Annotations

Branches:
Dungeon (4/15)
 Temple: D:4-7

Altars:
Hepliaklqana
Nemelex Xobeh
Xom


Innate Abilities, Weirdness & Mutations

You reflexively headbutt those who attack you in melee.
You have a pair of horns on your head.


Message History

You are too injured to fight recklessly!
Your shield prevents you from hitting the hound.
The hound is severely wounded.
You block the hound's attack. x2; The ogre completely misses you.
You hit the hound.
You headbutt the hound, but do no damage.
The hound is severely wounded.
The hound bites you but does no damage. The ogre barely misses you.
You miss the hound.
The hound is severely wounded.
The hound pauses to sniff the ground.
You block the hound's attack. The hound bites you but does no damage.
Your shield and scale mail prevent you from hitting the hound.
You headbutt the hound.
You kill the hound!
The ogre hits you with a giant club!
You thump the ogre!
The ogre is heavily wounded.
The ogre hits you with a giant club!!
You die...

##......##
#..$.....##
##.........#
#..........#
#..........#
#.........#
#.....O..####
#...@..##..#
##.....#.!#
##.....#
###.<##
#...## #..###
....# #..#
#..


You could see an ogre.

Vanquished Creatures
  2 big kobolds (Sewer)
  A hound (D:4)
  Natasha (twice) (D:3)
  Robin (D:3)
  15 adders
  2 river rats (D:3)
  An ooze (Sewer)
  3 worms
  3 dart slugs
  2 leopard geckos
  An orc (D:3)
  10 ball pythons
  7 giant cockroaches
  16 goblins
  12 hobgoblins
  3 bats
  3 frilled lizards
  13 kobolds
  13 rats
110 creatures vanquished.

Notes
Turn   | Place    | Note
-------+----------+-------------------------------------------
     0 | D:1      | HeyBub the Minotaur Fighter began the quest for the Orb.
     0 | D:1      | Reached XP level 1. HP: 19/19 MP: 0/0
   114 | D:1      | Reached skill level 3 in Maces & Flails
   114 | D:1      | Reached XP level 2. HP: 25/26 MP: 1/1
   293 | D:1      | Found a sparkling altar of Nemelex Xobeh.
   518 | D:2      | Reached XP level 3. HP: 23/31 MP: 2/2
   526 | D:2      | Reached skill level 4 in Maces & Flails
   904 | D:2      | Reached skill level 5 in Maces & Flails
   904 | D:2      | Reached XP level 4. HP: 30/39 MP: 3/3
  1338 | D:3      | Noticed Robin
  1351 | D:3      | Killed Robin
  1542 | D:3      | Noticed Natasha
  1548 | D:3      | Killed Natasha
  1548 | D:3      | Reached skill level 6 in Maces & Flails
  1548 | D:3      | Reached XP level 5. HP: 43/45 MP: 4/4
  1614 | D:3      | Found a hazy altar of Hepliaklqana.
  1616 | D:3      | Found a shimmering altar of Xom.
  1616 | D:3      | Noticed a yak
  1617 | D:3      | Noticed a yak
  1617 | D:3      | Noticed a spectral ugly thing
  1764 | D:3      | Noticed Natasha
  1771 | D:3      | Killed Natasha
  1834 | D:3      | Reached skill level 7 in Maces & Flails
  1917 | D:3      | Reached XP level 6. HP: 12/51 MP: 5/5
  1943 | D:3      | Found a glowing drain.
  1948 | Sewer    | Entered a sewer
  2163 | Sewer    | Reached skill level 8 in Maces & Flails
  2375 | D:3      | Reached skill level 5 in Fighting
  2489 | D:4      | Slain by an ogre

Skill      XL: |  1  2  3  4  5  6 |
---------------+-------------------+-----
Maces & Flails | 3 5 6 7 8 |  8.0
Fighting       | 5 |  5.2
Armour         | |  3.8
Shields        | |  3.7

Action                   |  1- 3 |  4- 6 || total
-------------------------+-------+-------++-------
Melee: Flail             |    53 |       ||    53
       Headbutt          |    15 |    34 ||    49
       Mace              |    44 |   213 ||   257
Throw: Throwing net      |       |     1 ||     1
  Use: Scroll            |     3 |       ||     3
 Stab: Held in net/web   |       |     1 ||     1
  Eat: Chunk             |       |     5 ||     5
Armor: Scale mail        |    69 |    91 ||   160
Dodge: Dodged            |    41 |    58 ||    99
Block: Shield            |    72 |   110 ||   182
